AoeStats
← M48-patton

Arabia

506912309Analyzed
2v2 RM · 18d ago on Sep 15, 2026· 44m 8s· 4 players
Game mode
Random Map
Map size
Medium (4 player)
Population
200
Speed
Normal
Resources
Standard
Victory
Conquest
Starting age
Dark Age
Ending age
Imperial Age
RankedLock teamsTeams togetherTeam positionsShared explorationLock speedFull tech treeHidden civsTurbo modeCheats
Victory
Defeat
🇵🇹 Lithuanians · Portugal
372
+22
🇹🇷 Chinese · Türkiye
359
+22
🇩🇪 Byzantines · Germany
513
-22
🇬🇷 Hindustanis · Greece
509
-22
emin.nergiz07
13:36 Feudal Age
19:41 Castle Age
17:28 Man-at-Arms
17:57 Horse Collar
20:14 Bloodlines
20:57 Husbandry
20:18 Light Cavalry
21:31 Double-Bit Axe
22:47 Bow Saw
22:50 Heavy Plow
25:25 Wheelbarrow
25:19 Gold Mining
25:23 Stone Mining
26:50 Gold Shaft Mining
27:03 Caravan
27:49 Scale Barding Armor
27:45 Padded Archer Armor
27:47 Scale Mail Armor
28:06 Hand Cart
30:09 Town Watch
35:39 Pikeman
36:21 Squires
36:07 Arson
36:06 Pikeman
36:47 Squires
36:32 Arson
41:39 Imperial Age
39:31 Chain Barding Armor
39:27 Chain Mail Armor
39:03 Fletching
39:24 Forging
42:19 Cavalier
mario_avgrs
9:28 Feudal Age
8:19 Loom
11:05 Horse Collar
19:36 Castle Age
19:13 Stone Mining
19:18 Gold Mining
20:19 Forging
20:04 Fletching
21:28 Double-Bit Axe
22:43 Wheelbarrow
23:07 Bloodlines
24:27 Hand Cart
26:36 Town Watch
27:21 Husbandry
28:10 Man-at-Arms
29:31 Treadmill Crane
30:02 Masonry
30:13 Ballistics
29:22 Long Swordsman
33:11 Scale Barding Armor
33:43 Iron Casting
34:51 Arson
41:26 Scale Mail Armor
41:47 Chain Barding Armor
41:23 Bodkin Arrow
41:29 Murder Holes
44:09 Imperial Age
41:41 Town Patrol
41:47 Town Patrol
44:17 Squires
M48-patton
9:38 Feudal Age
11:53 Double-Bit Axe
18:16 Horse Collar
26:09 Castle Age
34:32 Imperial Age
41:39 Imperial Age
al3sandr0
2:31 Loom
10:59 Feudal Age
11:43 Double-Bit Axe
12:10 Horse Collar
23:23 Castle Age
22:02 Padded Archer Armor
22:05 Scale Mail Armor
21:56 Fletching
24:16 Thumb Ring
24:16 Squires
25:46 Pikeman
27:25 Forging
33:13 Chain Mail Armor
Connection lost

Rejoining the realm…

Still unreachable

The connection could not be restored.

Session expired

The server has moved on; the page needs a fresh start.